Construct Light Support Kompanie
Selects Defensive Operations
le.IG 18 Support Gun Team
le.IG 18 Mechanized Group
Construct Panzerarmee Kommand
Flak 36 Anti-tank Gun Team
Selects Registered Artillery
Walking Stuka Rocket Launcher
Selects Towed Cannone da 105/28 Field Howitzer
Flak 36 Anti-tank Gun Team
Towed Cannone da 105/28 Field Howitzer
Selects Prepared Positions
Construct Light Support Kompanie
Selects Obice 305mm Barrage
Construct Panzerarmee Kommand
Flak 36 Anti-tank Gun Team
Walking Stuka Rocket Launcher